 Dungeon Crawl Stone Soup version 0.23.2-11-gf996548c65 (webtiles) character file.

Game seed: 215000759657195825

18368 Kobolds4U the Carver (level 12, -8/110 HPs)
             Began as a Minotaur Fighter on June 4, 2019.
             Was a Priest of Ashenzari.
             Killed by divine providence
             ... invoked by a meliai
              (12 damage)
             ... on level 12 of the Dungeon.
             The game lasted 00:38:50 (12108 turns).

Kobolds4U the Carver (Minotaur Fighter)            Turns: 12108, Time: 00:38:50

Health: -8/110     AC: 19    Str: 26    XL:     12   Next: 27%
Magic:  15/15      EV:  7    Int:  6    God:    Ashenzari [***...]
Gold:   312        SH: 13    Dex: 14    Spells: 8/17 levels left

rFire    . . .     SeeInvis +   p - +4 long sword (elec) (curse)
rCold    . . .     Gourm    .   c - +0 shield (curse)
rNeg     . . .     Faith    .   e - +0 plate armour (curse)
rPois    .         Spirit   .   (helmet restricted)
rElec    .         Reflect  .   m - +0 cloak (curse)
rCorr    +         Harm     .   B - +0 pair of gloves (curse)
MR       .....                  (no boots)
Stlth    ..........             (no amulet)
HPRegen  0.28/turn              j - ring of wizardry (curse)
MPRegen  0.14/turn              K - ring of resist corrosion

@: mighty, slowed, very slow
A: retaliatory headbutt, horns 2
a: Curse Item, Scrying, Renounce Religion


You were on level 12 of the Dungeon.
You worshipped Ashenzari.
Ashenzari was most pleased with you.
You were very hungry.

You visited 1 branch of the dungeon, and saw 13 of its levels.

You collected 758 gold pieces.
You spent 446 gold pieces at shops.

Inventory:

Hand Weapons
 p - a cursed +4 long sword of electrocution (weapon)
 E - a +4 scimitar
 F - a +0 great sword
Missiles
 k - 16 tomahawks
 s - 3 silver javelins
 u - a throwing net
 v - 2 poisoned tomahawks (quivered)
Armour
 c - a cursed +0 shield (worn)
 e - a cursed +0 plate armour (worn)
 m - a cursed +0 cloak (worn)
 B - a cursed +0 pair of gloves (worn)
Jewellery
 j - a cursed ring of wizardry (left hand)
 y - an uncursed ring of wizardry
 J - a +2 ring of strength
 K - a ring of resist corrosion (right hand)
 L - an uncursed ring of protection from fire
 N - an uncursed ring of positive energy
Wands
 b - a wand of digging (11)
 w - a wand of iceblast (9)
 D - a wand of clouds (5)
 G - a wand of random effects (13)
Scrolls
 g - 3 scrolls of amnesia
 h - 4 scrolls of enchant armour
 i - 2 scrolls of fog
 l - 2 scrolls of enchant weapon
 r - 2 scrolls of fear
 t - 2 scrolls of magic mapping
 A - 2 scrolls of teleportation
 I - a scroll of vulnerability
 M - a scroll of remove curse
 O - a scroll of identify
Potions
 a - 2 potions of agility
 d - 2 potions of might
 n - a potion of magic
 o - 2 potions of invisibility
 x - 4 potions of lignification
 z - a potion of mutation
 C - a potion of curing
Miscellaneous
 H - a sack of spiders
Comestibles
 f - 27 rations


   Skills:
 - Level 11.2 Fighting
 - Level 12.4(15.0) Long Blades
 - Level 11.9(14.5) Armour
 + Level 10.7(12.4) Shields
 - Level 3.0 Spellcasting
 - Level 3.1 Conjurations
 * Level 3.0 Hexes


You had 8 spell levels left.
You knew the following spells:

 Your Spells              Type           Power        Failure   Level  Hunger
a - Dazzling Spray        Conj/Hex       #.....       73%         3    ####...
b - Tukima's Dance        Hex            #.......     75%         3    ####...
c - Ensorcelled Hibernat  Hex/Ice        #.....       71%         2    ###....
d - Corona                Hex            #......      38%         1    ##.....

Your spell library contained the following spells:

 Spells                   Type           Power        Failure   Level  Hunger
 Confuse                  Hex            #.......     75%         3    ####...


Dungeon Overview and Level Annotations

Branches:
Dungeon (13/15)            Temple (0/1) D:6            Lair (0/6) D:11
    Orc (0/2) D:11         Vaults (0/5) D:13

Altars:
Ashenzari
Elyvilon
Hepliaklqana
Okawaru
Qazlal
Sif Muna
Uskayaw
Wu Jian
Xom
Yredelemnul
Zin
The Shining One

Shops:
D:5 ?   D:6 *   D:11 =

Annotations:
D:7 5 runed translucent doors
D:13 Nessos


Innate Abilities, Weirdness & Mutations

You reflexively headbutt those who attack you in melee.
You have a pair of horns on your head.


Message History

* * * LOW HITPOINT WARNING * * *
You feel as though you will be slow longer.
You block the hornet's attack.
You feel better.
The meliai calls down the wrath of its god upon you.
Something smites you!
* * * LOW HITPOINT WARNING * * *
You block the hornet's attack.
The hornet stings you but does no damage.
You feel very mighty all of a sudden.
The meliai mumbles some strange prayers to its god against you.
Something smites you!
* * * LOW HITPOINT WARNING * * *
The hornet stings you!
* * * LOW HITPOINT WARNING * * *
You feel as though you will be slow longer.
You block the hornet's attack.
The meliai calls down the wrath of its god upon you.
Something smites you!
You die...

..............#..%
.........)....#%.%
###########....#%%%
#..............####
#.........(........
###########...#####
#...#
###########...#
#>@yy5........#
###############


You could see a hornet, a meliai and a crimson imp.

Vanquished Creatures
  3 two-headed ogres
  Sonja (D:10)
  2 unseen horrors
  An ugly thing (D:11)
  2 manticores
  A komodo dragon (D:11)
  A tengu conjurer (D:11)
  A queen bee (D:12)
  2 meliai (D:12)
  3 trolls
  Grinder (D:6)
  2 hornets
  5 hippogriffs
  A meliai zombie (D:10)
  A shadow (D:12)
  11 yaks
  3 wyverns
  A warg (D:11)
  An acid dragon (D:12)
  A soldier ant (D:12)
  A water moccasin (D:9)
  3 orc warriors
  4 ice beasts
  2 sky beasts
  An eye of draining (D:9)
  An ogre (D:6)
  3 black bears
  13 centaurs
  4 big kobolds
  Blork the orc (D:4)
  8 bullfrogs
  A wyvern skeleton (D:11)
  5 scorpions
  5 wights (D:8)
  23 killer bees
  7 howler monkeys
  5 crimson imps
  2 quasits
  10 hounds
  10 orc wizards
  Crazy Yiuf (D:6)
  13 orc priests
  9 jellies
  4 centaur skeletons
  2 bullfrog skeletons
  10 iguanas
  5 worker ants
  A killer bee zombie (D:9)
  2 hound zombies
  A hound skeleton (D:10)
  Robin (D:4)
  A worker ant zombie (D:5)
  7 gnolls
  20 adders
  2 shadow imps
  2 oozes
  An adder skeleton (D:9)
  A dart slug (D:1)
  12 leopard geckos
  34 orcs
  2 giant cockroaches
  13 goblins
  11 hobgoblins
  6 jackals
  3 quokkas
  A ball python (D:3)
  A ball python skeleton (D:4)
  7 bats
  5 frilled lizards
  A goblin zombie (D:3)
  A jackal zombie (D:3)
  28 kobolds
  A leopard gecko skeleton (D:7)
  2 quokka skeletons
  A quokka zombie (D:5)
  11 rats
376 creatures vanquished.

Vanquished Creatures (others)
  4 plants (D:11)
4 creatures vanquished.

Grand Total: 380 creatures vanquished

Notes
Turn   | Place    | Note
-------+----------+-------------------------------------------
     0 | D:1      | Kobolds4U the Minotaur Fighter began the quest for the Orb.
     0 | D:1      | Reached XP level 1. HP: 19/19 MP: 0/0
    26 | D:1      | Reached skill level 3 in Long Blades
    32 | D:1      | Reached XP level 2. HP: 24/26 MP: 1/1
   196 | D:1      | Reached skill level 4 in Long Blades
   259 | D:1      | Reached XP level 3. HP: 30/31 MP: 2/2
   847 | D:2      | Found a stormy altar of Qazlal.
   865 | D:2      | Reached skill level 5 in Long Blades
  1054 | D:2      | Reached XP level 4. HP: 40/40 MP: 3/3
  1343 | D:2      | Found a glowing golden altar of the Shining One.
  1543 | D:3      | Reached XP level 5. HP: 47/47 MP: 4/4
  1648 | D:3      | Found a runed translucent door.
  1648 | D:3      | Noticed a human
  1654 | D:3      | Reached skill level 6 in Long Blades
  1675 | D:3      | Found a basalt altar of Yredelemnul.
  2114 | D:4      | Reached skill level 5 in Fighting
  2164 | D:4      | Reached XP level 6. HP: 55/56 MP: 5/5
  2171 | D:4      | Reached skill level 7 in Long Blades
  2333 | D:4      | Found an iron altar of Okawaru.
  2468 | D:4      | Noticed Robin
  2496 | D:4      | Killed Robin
  2636 | D:4      | Reached XP level 7. HP: 61/62 MP: 6/6
  2646 | D:4      | Reached skill level 8 in Long Blades
  2987 | D:4      | Noticed Blork the orc
  2996 | D:4      | Killed Blork the orc
  3168 | D:5      | Entered Level 5 of the Dungeon
  3245 | D:5      | Found Jukiqath's Magic Scroll Emporium.
  3314 | D:5      | Reached skill level 9 in Long Blades
  3315 | D:5      | Reached skill level 5 in Armour
  3538 | D:5      | Bought a scroll of teleportation for 42 gold pieces
  3538 | D:5      | Bought a scroll of remove curse for 42 gold pieces
  3538 | D:5      | Bought a scroll of remove curse for 42 gold pieces
  3622 | D:5      | Found a shattered altar of Ashenzari.
  3628 | D:5      | Became a worshipper of Ashenzari the Shackled
  3689 | D:5      | Reached XP level 8. HP: 62/71 MP: 7/7
  3863 | D:5      | Found a glowing silver altar of Zin.
  4119 | D:6      | Found a runed translucent door.
  4120 | D:6      | Noticed Crazy Yiuf
  4126 | D:6      | Killed Crazy Yiuf
  4250 | D:6      | Found a staircase to the Ecumenical Temple.
  4269 | D:6      | Reached skill level 10 in Long Blades
  4303 | D:6      | Noticed Grinder
  4329 | D:6      | Killed Grinder
  4340 | D:6      | Reached * piety under Ashenzari
  4551 | D:6      | Found Rotacack's Assorted Antiques.
  4852 | D:7      | Found the +9 staff of Olgreb {rPois}
  4864 | D:7      | Found a runed translucent door.
  4876 | D:7      | Found a runed translucent gate.
  4876 | D:7      | Found a runed translucent gate.
  4877 | D:7      | Found a runed translucent door.
  4887 | D:7      | Found a runed translucent gate.
  4910 | D:7      | rPois room
  5036 | D:7      | Noticed a hippogriff
  5041 | D:7      | Killed a hippogriff
  5041 | D:7      | Reached skill level 11 in Long Blades
  5041 | D:7      | Reached XP level 9. HP: 81/81 MP: 8/8
  5495 | D:7      | Found a hide-covered altar of Uskayaw.
  5907 | D:8      | Reached skill level 12 in Long Blades
  6204 | D:8      | Reached ** piety under Ashenzari
  6215 | D:8      | Found a white marble altar of Elyvilon.
  6589 | D:9      | Noticed a two-headed ogre
  6597 | D:8      | Reached XP level 10. HP: 91/91 MP: 9/9
  6877 | D:9      | Reached skill level 10 in Fighting
  7214 | D:9      | Found a hazy altar of Hepliaklqana.
  7214 | D:9      | Found a deep blue altar of Sif Muna.
  7226 | D:9      | Found an ornate altar of the Wu Jian Council.
  7226 | D:9      | Found a shimmering altar of Xom.
  7329 | D:9      | Learned a level 3 spell: Dazzling Spray
  7333 | D:9      | Learned a level 3 spell: Tukima's Dance
  7336 | D:9      | Learned a level 2 spell: Ensorcelled Hibernation
  7338 | D:9      | Learned a level 1 spell: Corona
  7373 | D:9      | Killed a two-headed ogre
  7373 | D:9      | Reached skill level 5 in Shields
  7489 | D:9      | Reached skill level 10 in Armour
  7655 | D:10     | Entered Level 10 of the Dungeon
  7725 | D:10     | Noticed Sonja
  7731 | D:10     | Killed Sonja
  8225 | D:10     | Noticed a two-headed ogre
  8232 | D:10     | Killed a two-headed ogre
  8232 | D:10     | Reached XP level 11. HP: 96/102 MP: 10/10
  8467 | D:10     | Reached *** piety under Ashenzari
  8474 | D:10     | Noticed an unseen horror
  8485 | D:10     | Killed an unseen horror
  8485 | D:10     | Reached skill level 1 in Spellcasting
  9027 | D:11     | Found Cuetyonaet's Jewellery Shop.
  9066 | D:11     | Noticed a purple ugly thing
  9081 | D:11     | Killed a purple ugly thing
  9349 | D:11     | Noticed an unseen horror
  9356 | D:11     | Killed an unseen horror
  9405 | D:11     | Reached skill level 1 in Hexes
  9877 | D:11     | Noticed a two-headed ogre
  9901 | D:10     | Killed a two-headed ogre
 10006 | D:11     | Noticed a brown ugly thing
 10567 | D:11     | Bought an uncursed ring of resist corrosion for 320 gold
                  | pieces
 10601 | D:11     | Found a staircase to the Orcish Mines.
 10616 | D:11     | Found a glowing golden altar of the Shining One.
 10632 | D:11     | Found a staircase to the Lair.
 10921 | D:12     | Paralysed by a hornet for 3 turns
 11202 | D:12     | Reached skill level 1 in Conjurations
 11205 | D:12     | Reached XP level 12. HP: 73/110 MP: 15/15
 11210 | D:12     | Reached skill level 10 in Shields
 12071 | D:13     | Found a gate to the Vaults.
 12071 | D:13     | Noticed Nessos
 12071 | D:13     | Noticed a two-headed ogre
 12071 | D:13     | Noticed a two-headed ogre
 12071 | D:13     | Noticed a centaur warrior
 12108 | D:12     | HP: 4/110 [hornet (7)]
 12108 | D:12     | Killed from afar by a meliai

Skill      XL: |  1  2  3  4  5  6  7  8  9 10 11 12 |
---------------+-------------------------------------+-----
Long Blades    | 3 4 5 6 7 9 11 12 | 12.4
Fighting       | 4 5 6 8 9 11 | 11.2
Armour         | 5 6 8 10 11 | 11.9
Shields        | 7 9 10 | 10.7
Spellcasting   | 3 |  3.0
Hexes          | 2 3 |  3.0
Conjurations   | 1 3 |  3.1

Action                   |  1- 3 |  4- 6 |  7- 9 | 10-12 || total
-------------------------+-------+-------+-------+-------++-------
Melee: Long sword        |    97 |   130 |   275 |   461 ||   963
       Headbutt          |    14 |    19 |    42 |   106 ||   181
Throw: Tomahawk          |       |       |     1 |       ||     1
Invok: Curse Item        |       |       |     4 |     2 ||     6
  Use: Scroll            |       |     8 |     7 |     9 ||    24
       Potion            |       |       |     1 |    10 ||    11
 Stab: Distracted        |       |       |       |     1 ||     1
  Eat: Chunk             |     1 |     5 |    13 |    16 ||    35
Armor: Scale mail        |    41 |    19 |       |       ||    60
       Plate armour      |       |    19 |   121 |   217 ||   357
       Skin              |       |       |       |    30 ||    30
Dodge: Dodged            |    25 |    31 |    35 |    98 ||   189
Block: Shield            |    38 |    54 |   110 |   298 ||   500
       Rpst.: Long sword |     6 |    12 |     7 |    22 ||    47
